Map: [ESL] Gresvan

Players

Reynor

  • Race: Zerg Zerg
  • League: Master
  • Spawn Location: 5:00

Lambo - Winner!

  • Race: Zerg Zerg
  • League: Master
  • Spawn Location: 11:00

Event: HomeStory Cup XXIII

VOD

Have the link to the VOD?

Description

Time

  • Played on: June 30, 2023, 11:04 a.m.
  • Length: 6:02

All games in this series

Show
View Real Time Build Order
Export as new Build Order

Reynor Zerg 

Build Orders: Hatch First, Zergling Baneling 

Get SALT Encoding   

  12  0:00  Drone  
  13  0:11  Overlord  
  13  0:16  Drone  
  14  0:29  Drone  
  14  0:30  Drone  
  16  0:47  Hatchery  
  15  0:50  Drone  
  15  0:53  Drone  
  15  0:56  Drone  
  18  1:07  Extractor  
  17  1:12  Spawning Pool  
  17  1:15  Drone  
  18  1:18  Drone  
  18  1:27  Drone  
  19  1:37  Drone  
  20  1:49  Drone  
  21  1:59  Overlord, Queen x2  
  21  2:00  Zergling x2  
  26  2:07  Metabolic Boost  
  26  2:09  Drone  
  26  2:10  Drone  
  28  2:21  Zergling x2  
  28  2:22  Drone  
  30  2:33  Hatchery  
  30  2:36  Drone  
  30  2:38  Drone  
  30  2:43  Baneling Nest  
  30  2:45  Drone  
  30  2:51  Drone  
  32  2:53  Overlord  
  32  2:56  Drone  
  33  3:03  Drone x2  
  35  3:07  Drone  
  36  3:17  Zergling x4  
  36  3:18  Overlord  
  36  3:19  Drone x3  
  41  3:27  Drone, Evolution Chamber  
  42  3:29  Drone  
  42  3:36  Queen  
  42  3:39  Drone x3  
  42  3:40  Drone  
  47  3:41  Drone  
  47  3:43  Drone  
  47  3:46  Baneling  
  49  3:50  Drone x2  
  51  4:00  Drone, Roach Warren  
  51  4:01  Drone  
  52  4:05  Overlord  
  52  4:08  Zergling x6  
  52  4:09  Spine Crawler, Zergling x2  
  55  4:13  Baneling  
  55  4:15  Zergling x2  
  56  4:17  Spine Crawler  
  56  4:18  Baneling x3  
  56  4:20  Spine Crawler  
  56  4:22  Zergling x2  
  55  4:24  Overlord  
  55  4:27  Baneling x2  
  55  4:28  Zergling x2  
  55  4:29  Baneling x2  
  55  4:31  Zergling x4  
  57  4:37  Zergling x8  
  60  4:42  Baneling x3  
  55  4:47  Roach  
  55  4:48  Zergling x6  
  54  4:53  Zergling x2  
  54  4:57  Zergling x2  
  50  5:02  Extractor  
  50  5:04  Extractor, Roach, Zergling x2  
  50  5:06  Queen x2  
  55  5:10  Baneling  
  55  5:13  Drone x2  
  54  5:14  Spine Crawler  
  54  5:19  Roach  
  52  5:26  Roach, Zergling x4  
  52  5:27  Zergling x2  
  56  5:33  Drone  
  56  5:34  Drone  
  48  5:44  Drone  
Show
View Real Time Build Order
Export as new Build Order

Lambo Zerg - Winner!

Build Orders: Hatch First 

Get SALT Encoding   

  12  0:00  Drone  
  13  0:12  Overlord  
  13  0:17  Drone  
  14  0:31  Drone x2  
  16  0:48  Hatchery  
  15  0:50  Drone  
  15  0:54  Drone  
  17  0:58  Drone  
  18  1:09  Extractor  
  17  1:12  Spawning Pool  
  17  1:16  Drone  
  17  1:19  Drone  
  18  1:27  Drone  
  19  1:38  Drone  
  20  1:49  Drone  
  21  1:59  Queen x2  
  21  2:01  Drone, Overlord  
  26  2:09  Metabolic Boost  
  26  2:11  Drone, Zergling x2  
  28  2:21  Drone  
  28  2:22  Drone  
  30  2:32  Drone x2  
  32  2:38  Hatchery  
  32  2:43  Drone  
  32  2:48  Baneling Nest  
  31  2:51  Overlord  
  31  2:54  Drone  
  31  2:55  Drone  
  33  3:05  Zergling x2, Roach Warren  
  32  3:06  Zergling x2  
  32  3:11  Overlord  
  34  3:13  Zergling x2  
  35  3:20  Zergling x2  
  35  3:21  Zergling x2  
  35  3:22  Overlord  
  37  3:33  Baneling  
  37  3:36  Evolution Chamber  
  36  3:44  Roach x3  
  36  3:45  Roach x3  
  49  3:49  Roach  
  49  3:51  Roach  
  53  4:00  Roach  
  55  4:05  Zergling x8  
  55  4:09  Zergling x2  
  60  4:10  Baneling  
  60  4:13  Zergling x8  
  60  4:16  Zergling x2  
  65  4:19  Baneling  
  65  4:23  Overlord  
  65  4:28  Zergling x6  
  62  4:38  Zergling x6  
  62  4:43  Baneling  
  62  4:49  Zergling x12  
  68  4:54  Zergling x2  
  68  4:55  Zergling x4  
  68  4:56  Baneling x2  
  68  4:59  Drone  
  68  5:03  Drone x2  
  72  5:07  Drone x2  
  72  5:09  Drone  
  72  5:12  Drone  
  72  5:14  Drone  
  73  5:21  Drone x2  
  74  5:27  Drone x2  
  71  5:33  Drone x3  
  73  5:41  Drone  
  73  5:43  Drone  
  73  5:46  Extractor  
  73  5:48  Drone x3  
  73  5:50  Evolution Chamber  
Tags
 
Add a new tag
Caveats
  • Supply blocks, unpowered buildings, or Contaminate may cause inaccurate times.
  • Supply counts are checked every 10 seconds.